 Dungeon Crawl Stone Soup version 0.31-a0-986-g5e6e4ef867 (webtiles) character file.

Game seed: 9774845302557240763

1663 promet the Fighter (level 8, -3/90 HPs)
             Began as a Minotaur Fighter on Nov 16, 2023.
             Killed from afar by a steam dragon (13 damage)
             ... with a ball of steam
             ... on level 7 of the Dungeon.
             The game lasted 00:20:45 (6565 turns).

promet the Fighter (Minotaur Fighter)               Turns: 6565, Time: 00:20:46

Health: -3/90      AC:  9    Str: 21    XL:     8   Next: 69%
Magic:  7/7        EV: 10    Int:  7    God:
Gold:   314        SH:  0    Dex: 10    Spells: 7/7 levels left

rFire   . . .        a - +0 great sword (heavy)
rCold   . . .        (shield currently unavailable)
rNeg    + . .        D - +0 scale mail
rPois   .            L - +1 hat
rElec   .            (no cloak)
rCorr   .            r - +0 pair of gloves
SInv    .            (no boots)
Will    .....        (no amulet) Stlth
                     g - ring of positive energy
HPRegen 0.35/turn    q - +4 ring of slaying
MPRegen 0.10/turn

%: no passive effects
@: no status effects
A: horns 2, retaliatory headbutt
a: no special abilities


You were on level 7 of the Dungeon.
You visited 1 branch of the dungeon, and saw 7 of its levels.

You collected 314 gold pieces.

Inventory:

Hand Weapons
 a - a +0 heavy great sword (weapon)
 b - a +0 orcbow
 i - a +0 war axe
 u - a +1 dagger of venom
 G - a +0 sling
Missiles
 f - 25 poisoned darts
 j - 3 boomerangs (quivered)
 o - 36 stones
Armour
 c - a +0 buckler
 r - a +0 pair of gloves (worn)
 D - a +0 scale mail (worn)
 L - a +1 hat (worn)
Jewellery
 g - a ring of positive energy (left hand)
 l - a ring of protection from fire
 q - a +4 ring of slaying (right hand)
 w - a ring of positive energy
Wands
 p - a wand of charming (10)
 v - a wand of roots (10)
 y - a wand of flame (20)
 z - a wand of digging (3)
 C - a wand of acid (11)
Scrolls
 m - a scroll of fear
 A - 2 scrolls of blinking {unknown}
 E - a scroll of enchant armour {unknown}
 H - a scroll of enchant weapon {unknown}
 I - 2 scrolls of noise {unknown}
 K - a scroll of vulnerability {unknown}
Potions
 d - 3 potions of might
 e - a potion of cancellation
 k - 6 potions of curing
 n - a potion of mutation
 s - 3 potions of brilliance {unknown}
 x - 2 potions of ambrosia
 B - a potion of enlightenment {unknown}
 F - a potion of berserk rage {unknown}


   Skills:
 * Level 14.7 Fighting
 + Level 2.2(3.3) Short Blades
 + Level 4.2(4.6) Long Blades
 + Level 4.0 Axes
 + Level 1.7 Ranged Weapons
 + Level 0.4 Throwing
 + Level 5.6 Armour
 + Level 2.0 Dodging
 + Level 0.1 Stealth
 + Level 4.3 Shields


You had 7 spell levels left.
You didn't know any spells.
Your spell library contained the following spells:

 Spells                   Type           Power      Damage    Failure   Level
 Foxfire                  Conj/Fire      0%         2x1d4     75%         1
 Blink                    Tloc           0%         N/A       87%         2
 Sublimation of Blood     Necr           0%         N/A       87%         2
 Wereblood                Tmut           0%         N/A       87%         2
 Stone Arrow              Conj/Erth      0%         3d7       98%         3
 Animate Armour           Summ/Erth      0%         N/A       100%        4
 Manifold Assault         Tloc           0%         N/A       100%        4
 Irradiate                Conj/Tmut      0%         3d11      100%        5
 Conjure Ball Lightning   Conj/Air       0%         3x3d6     100%        6
 Plasma Beam              Fire/Air       0%         2x1d10    100%        6
 Starburst                Conj/Fire      0%         6d3       100%        6
 Summon Hydra             Summ           0%         N/A       100%        7
 Discord                  Hex            0%         N/A       100%        8
 Disjunction              Tloc           0%         N/A       100%        8
 Lehudib's Crystal Spear  Conj/Erth      0%         10d2      100%        8


Dungeon Overview and Level Annotations

Branches:
Dungeon (7/15)             Temple (0/1) D:4

Altars:
Okawaru
Qazlal
Uskayaw

Shops:
D:2 *   D:5 :


Innate Abilities, Weirdness & Mutations

You have a pair of horns on your head.
You reflexively headbutt those who attack you in melee.


Message History

You are engulfed in a cloud of scalding steam.
The steam dragon closely misses you. You furiously retaliate!
You headbutt the steam dragon.
The steam dragon claws you but does no damage.
You hit the steam dragon.
The steam dragon is heavily wounded.
You are engulfed in a cloud of scalding steam.
The steam dragon closely misses you.
The steam dragon claws you but does no damage.
The steam dragon bites you but does no damage.
The steam dragon closely misses you.
You completely miss the steam dragon.
The steam dragon is heavily wounded.
The steam dragon breathes steam at you. The ball of steam hits you!
* * * LOW HITPOINT WARNING * * *
The steam dragon bites you but does no damage.
The steam dragon closely misses you.
You completely miss the steam dragon.
The steam dragon is heavily wounded.
The steam dragon barely misses you. The steam dragon misses you.
The steam dragon bites you.
* * * LOW HITPOINT WARNING * * *
The steam dragon closely misses you.
You slash the steam dragon!
The steam dragon is severely wounded.
The steam dragon bites you.
* * * LOW HITPOINT WARNING * * *
The steam dragon barely misses you. The steam dragon bites you!
* * * LOW HITPOINT WARNING * * *
The steam dragon closely misses you. The steam dragon breathes steam at you.
The ball of steam misses you.
You hear a shout!
You closely miss the steam dragon. You headbutt the steam dragon.
The steam dragon is almost dead.
You are engulfed in a cloud of scalding steam.
The steam dragon breathes steam at you. The ball of steam hits you!
You die...

............. ###.........##
.............
.#.#......##.##
.............
...............
.....§....#...
...............
....§§§...#...
#.##.....##....
.§§§......##..##
.>##....####...
.§.§.....###....##...#.##..#
###. ..§§.....#
#...D#.......#..## #.
.D......[.
#.@..#...##...####.
..#........
#.§§##..........##.
..###.....!#
##..§.............. ...
#......#.#........# ....
##....###........##
.....######.....##.#......#
.....#...##........##.....#
.......................####
##........##.......#


You could see a steam dragon (catching breath).

Vanquished Creatures
  A steam dragon (D:7)
  A water moccasin (D:6)
  An ice beast (D:6)
  A sky beast (D:7)
  An ogre (D:5)
  2 phantoms
  A scorpion (D:4)
  5 wights
  2 hounds
  A jelly (D:6)
  3 orc priests (D:6)
  3 iguanas
  4 sleepcaps
  3 orc wizards (D:6)
  4 adders
  2 white imps (D:6)
  3 dart slugs (D:2)
  8 orcs
  10 bats
  9 endoplasms
  7 giant cockroaches
  10 goblins
  3 hobgoblins
  3 jackals (D:1)
  12 kobolds
  4 quokkas
  5 ball pythons
  3 frilled lizards
  8 rats
120 creatures vanquished.

Vanquished Creatures (others)
  A sky beast (D:7)
  An orc (D:6)
2 creatures vanquished.

Grand Total: 122 creatures vanquished

Notes
Turn   | Place    | Note
-------+----------+-------------------------------------------
     0 | D:1      | promet the Minotaur Fighter began the quest for the Orb.
     0 | D:1      | Reached XP level 1. HP: 19/19 MP: 0/0
   334 | D:1      | Reached skill level 4 in Fighting
   334 | D:1      | Reached XP level 2. HP: 27/27 MP: 1/1
   585 | D:1      | Reached XP level 3. HP: 33/33 MP: 2/2
   896 | D:2      | Found Nangisch's Assorted Antiques.
  1279 | D:2      | Reached XP level 4. HP: 41/41 MP: 3/3
  1731 | D:2      | Found a stormy altar of Qazlal.
  1989 | D:3      | Reached skill level 14 in Fighting
  1989 | D:3      | Reached XP level 5. HP: 67/67 MP: 4/4
  2170 | D:3      | Found a hide-covered altar of Uskayaw.
  2172 | D:3      | Found an iron altar of Okawaru.
  2449 | D:4      | Noticed a phantom
  2652 | D:4      | Found a staircase to the Ecumenical Temple.
  2687 | D:4      | Killed a phantom
  2688 | D:4      | Reached skill level 1 in Short Blades
  2704 | D:4      | Reached XP level 6. HP: 70/74 MP: 5/5
  2851 | D:4      | Reached skill level 1 in Dodging
  3118 | D:5      | Entered Level 5 of the Dungeon
  3182 | D:5      | Reached XP level 7. HP: 81/81 MP: 6/6
  3591 | D:5      | Found Rish's Tremendous Tomes.
  3596 | D:5      | Reached skill level 1 in Long Blades
  4744 | D:6      | Reached skill level 5 in Armour
  4997 | D:6      | Reached XP level 8. HP: 89/90 MP: 7/7
  6159 | D:6      | Reached skill level 1 in Ranged Weapons
  6565 | D:7      | Killed from afar by a steam dragon

Illustrated notes

Levels and vault maps discovered:
D:1:      psy_arrival_dodecagon, layout_rooms, wad_woods_river_04,
          corner_web_ring
D:2:      layout_basic, serial_shops, shop, basic_altar, wad_orctagon
D:3:      layout_basic, chequers_temple_overflow_statue_of_worship
D:4:      layout_cave_pools, temple_pool_b
D:5:      layout_basic, nicolae_shop_i_like_big_books, fountainhead
D:6:      layout_loops_corners, grunt_decor_junction, st_stairs_7
D:7:      layout_cave_pools, minmay_misc_feat_plants

Skill      XL: |  1  2  3  4  5  6  7  8 |
---------------+-------------------------+-----
Fighting       | 4 14 | 14.7
Armour         | 4 5 |  5.6
Axes           | 3 4 |  4.0
Shields        | 4 |  4.3
Short Blades   | 1 2 |  2.2
Dodging        | 1 2 |  2.0
Long Blades    | 2 4 |  4.2
Ranged Weapons | 1 |  1.7
Throwing       | |  0.4
Stealth        | |  0.1

Action                     |  1- 3 |  4- 6 |  7- 9 || total
---------------------------+-------+-------+-------++-------
  Melee: War axe           |    71 |     8 |       ||    79
         Headbutt          |    12 |    13 |    12 ||    37
         Dagger            |       |    62 |       ||    62
         Great sword       |       |    11 |    64 ||    75
   Fire: Orcbow            |       |       |    17 ||    17
  Throw: Boomerang         |       |     6 |     6 ||    12
    Use: Scroll            |     4 |     1 |     3 ||     8
         Potion            |       |     1 |     1 ||     2
 Armour: Scale mail        |    49 |    44 |   102 ||   195
  Dodge: Dodged            |    45 |    30 |    52 ||   127
  Block: Buckler           |    21 |    17 |       ||    38

Table legend: (Time is in decaauts)
 A = Elapsed time spent in this place.
 B = Non-inter-level travel time spent in this place.
 C = Inter-level travel time spent in this place.
 D = Time resting spent in this place.
 E = Time spent auto-exploring this place.
 F = Levels seen in this place.
 G = Mean time per level.
                   A        B        C        D        E       F      G
               +--------+--------+--------+--------+--------+-----+--------+
         Total |   6719 |   6510 |    209 |   2011 |   2389 |   7 |  959.9 |
       Dungeon |   6719 |   6510 |    209 |   2011 |   2389 |   7 |  959.9 |
               +--------+--------+--------+--------+--------+-----+--------+

Top non-repeatable levels by time:
     D:6: 2089 daAuts
     D:5: 1325 daAuts
     D:2: 937 daAuts
     D:1: 929 daAuts
     D:3: 662 daAuts
     D:4: 640 daAuts
     D:7: 135 daAuts
